 Dungeon Crawl Stone Soup version 0.27.1-34-g3ba077fa99 (webtiles) character file.

Game seed: 14963517040698984998

1166 Gartch the Conjurer (level 8, -8/66 HPs)
             Began as a Red Draconian Conjurer on Jan 16, 2022.
             Mangled by Duvessa (9 damage)
             ... on level 6 of the Dungeon.
             The game lasted 00:49:59 (7774 turns).

Gartch the Conjurer (Red Draconian Conjurer)        Turns: 7774, Time: 00:49:59

Health: -8/66      AC:  6    Str:  9    XL:     8   Next: 17%
Magic:  6/17       EV: 12    Int: 28    God:
Gold:   178        SH:  0    Dex:  9    Spells: 11/19 levels left

rFire    + . .     SeeInvis .   a - +0 short sword
rCold    . . .     Faith    .   (no shield)
rNeg     . . .     Spirit   .   (armour unavailable)
rPois    .         Reflect  .   (helmet restricted)
rElec    .         Harm     .   (no cloak)
rCorr    .         Rampage  .   (no gloves)
Will     .....                  (no boots)
Stlth    ++........             (no amulet)
HPRegen  0.21/turn              e - +6 ring of intelligence
MPRegen  0.15/turn              (no ring)

@: studying 2 skills
A: breathe fire, AC +6, unfitting armour, fire resistance 1, cold-blooded
a: Breathe Fire


You were on level 6 of the Dungeon.
You visited 1 branch of the dungeon, and saw 6 of its levels.
You also visited: Ossuary.

You collected 178 gold pieces.

Inventory:

Hand Weapons
 a - a +0 short sword (weapon)
 b - a +2 hunting sling of flaming
Missiles
 n - 189 stones
 x - 27 poisoned darts
Jewellery
 e - a +6 ring of intelligence (left hand)
Wands
 r - a wand of paralysis (13)
Scrolls
 c - a scroll of blinking {unknown}
 f - 4 scrolls of teleportation
 h - 4 scrolls of enchant armour {unknown}
 k - 2 scrolls of amnesia {unknown}
 l - 2 scrolls of fog
 m - a scroll of torment {unknown}
 q - a scroll of brand weapon {unknown}
 s - 2 scrolls of noise {unknown}
 v - 2 scrolls of acquirement {unknown}
 w - 3 scrolls of identify {unknown}
 y - 2 scrolls of immolation
 z - a scroll of enchant weapon {unknown}
Potions
 d - 4 potions of curing {unknown}
 g - 3 potions of brilliance {unknown}
 i - a potion of flight {unknown}
 j - 3 potions of lignification {unknown}
 o - 3 potions of haste {unknown}
 p - 3 potions of might {unknown}
 t - a potion of degeneration {unknown}
 u - a potion of heal wounds {unknown}


   Skills:
 + Level 3.7 Fighting
 - Level 3.0 Dodging
 - Level 1.7 Stealth
 + Level 6.1 Spellcasting
 * Level 6.7 Conjurations
 + Level 1.5 Hexes


You had 11 spell levels left.
You knew the following spells:

 Your Spells              Type           Power      Damage    Failure   Level
a - Magic Dart            Conj           100%       1d8       1%          1
b - Searing Ray           Conj           92%        3d6       1%          2
c - Dazzling Flash        Conj/Hex       62%        N/A       3%          3
d - Slow                  Hex            17%        N/A       4%          2

Your spell library contained the following spells:

 Spells                   Type           Power      Damage    Failure   Level
 Confusing Touch          Hex            17%        N/A       10%         3
 Fulminant Prism          Conj/Hex       15%        3d11      11%         4
 Iskenderun's Mystic Bla  Conj/Tloc      27%        2d7       16%         4
 Vampiric Draining        Necr           4%         2d6       19%         3


Dungeon Overview and Level Annotations

Branches:
Dungeon (6/15)            Ossuary (visited)
 Temple: D:4-7

Altars:
Fedhas
Gozag
Sif Muna

Annotations:
D:4 exclusion: ogre, Menkaure
D:5 exclusion: door, Blork the orc
D:6 Duvessa


Innate Abilities, Weirdness & Mutations

You can breathe blasts of fire.
Your fiery red scales are hard. (AC +6)
You cannot fit into any form of body armour.
Your flesh is heat resistant. (rF+)
You are cold-blooded and may be slowed by cold attacks.


Message History

Aiming: Magic Dart (safe; 1% risk of failure)
Press: ? - help, Shift-Dir - straight line, f/p - Duvessa
Aim: Duvessa, wielding a +0 short sword and wearing a +0 leather armour (lightly wounded, berserk, 100% to hit)
The magic dart hits Duvessa.
Duvessa is moderately wounded.
Casting: Magic Dart (safe; 1% risk of failure)
Confirm with . or Enter, or press ? or * to list all spells.
Aiming: Searing Ray (safe; 1% risk of failure)
Press: ? - help, Shift-Dir - straight line, f/p - Duvessa
Aim: Duvessa, wielding a +0 short sword and wearing a +0 leather armour (moderately wounded, berserk, 84% to hit)
The searing ray hits Duvessa.
Duvessa is moderately wounded. (Press . to maintain the ray.)
The searing ray hits Duvessa.
Duvessa is moderately wounded.
Duvessa hits you with a +0 short sword!
The searing ray misses Duvessa.
Duvessa hits you with a +0 short sword!
The searing ray hits Duvessa!
Duvessa is heavily wounded.
You finish channeling your searing ray.
Duvessa hits you with a +0 short sword! x2
Casting: Searing Ray (safe; 1% risk of failure)
Confirm with . or Enter, or press ? or * to list all spells.
Aiming: Searing Ray (safe; 1% risk of failure)
Press: ? - help, Shift-Dir - straight line, f/p - Duvessa
Aim: Duvessa, wielding a +0 short sword and wearing a +0 leather armour (heavily wounded, berserk, 84% to hit)
The searing ray hits Duvessa!
Duvessa is severely wounded. (Press . to maintain the ray.) Duvessa barely misses you.
The searing ray misses Duvessa.
Duvessa hits you with a +0 short sword!
* * * LOW HITPOINT WARNING * * *
Duvessa hits you but does no damage.
The searing ray misses Duvessa.
Duvessa hits you with a +0 short sword!
* * * LOW HITPOINT WARNING * * *
The searing ray hits Duvessa.
Duvessa is severely wounded.
You finish channeling your searing ray.
Duvessa hits you with a +0 short sword.
* * * LOW HITPOINT WARNING * * *
Duvessa hits you with a +0 short sword!
You die...

#.......## .# .#
.........# . .#
.........+ . ..
......... .#.
#....... #..
#..... #.#
#...###### #.#
#........# #e#
#..#####.# #@#
###..# #.# #.#
.....#####.#####.#
###.†.#....).....#
#......##.#######
##....#.#.#
###...###..#
.......#<###
#######.##


You could see Duvessa (berserk).

Vanquished Creatures
  A water moccasin (D:5)
  A necrophage (D:6)
  2 black bears
  A kobold brigand (D:4)
  4 water moccasin zombies (Ossuary)
  2 scorpions
  Dowan (D:6)
  A water moccasin skeleton (D:5)
  2 jellies
  A bullfrog skeleton (D:4)
  An iguana (D:5)
  2 mummies (Ossuary)
  4 gnolls
  An adder (D:2)
  A white imp (D:5)
  2 adder zombies (Ossuary)
  A dart slug (D:1)
  6 orcs
  7 endoplasms
  3 giant cockroaches
  6 gnoll zombies
  8 goblins
  5 hobgoblins
  7 quokkas
  3 ball pythons
  7 bats (D:1)
  A frilled lizard (D:1)
  10 hobgoblin zombies (Ossuary)
  A jackal skeleton (D:4)
  4 kobolds
  3 kobold zombies
  8 orc zombies (Ossuary)
  4 rats
111 creatures vanquished.

Vanquished Creatures (others)
  9 fungi
  7 plants
16 creatures vanquished.

Grand Total: 127 creatures vanquished

Notes
Turn   | Place    | Note
-------+----------+-------------------------------------------
     0 | D:1      | Gartch the Draconian Conjurer began the quest for the Orb.
     0 | D:1      | Reached XP level 1. HP: 14/14 MP: 3/3
   362 | D:1      | Reached XP level 2. HP: 20/20 MP: 3/5
   459 | D:1      | Found a faded altar of an unknown god.
  1024 | D:1      | Learned a level 2 spell: Searing Ray
  1203 | D:2      | Reached XP level 3. HP: 26/26 MP: 3/7
  2834 | D:4      | Reached skill level 1 in Fighting
  2834 | D:4      | Reached XP level 4. HP: 35/35 MP: 3/9
  2892 | D:4      | Found a sand-covered staircase.
  2955 | Ossuary  | Entered an ossuary
  2985 | Ossuary  | Reached XP level 5. HP: 32/41 MP: 0/10
  3679 | Ossuary  | Reached skill level 5 in Conjurations
  3679 | Ossuary  | Reached XP level 6. HP: 43/50 MP: 4/13
  4538 | D:4      | Noticed an ice beast
  4786 | D:4      | Reached skill level 5 in Spellcasting
  4863 | D:4      | Noticed a steam dragon
  5504 | D:4      | Noticed Menkaure
  5654 | D:4      | Your scales start taking on a fiery red colour.
  5654 | D:4      | Reached XP level 7. HP: 57/57 MP: 6/15
  5654 | D:4      | Gained mutation: Your flesh is heat resistant. (rF+) [Red
                  | Draconian growth]
  5900 | D:4      | Found a shimmering blue altar of Sif Muna.
  5900 | D:4      | Found an opulent altar of Gozag.
  6016 | D:5      | Entered Level 5 of the Dungeon
  6388 | D:5      | Noticed a yak
  6701 | D:5      | Learned a level 3 spell: Dazzling Flash
  6970 | D:5      | Found a blossoming altar of Fedhas.
  7045 | D:5      | Noticed Blork the orc
  7074 | D:5      | Reached skill level 1 in Hexes
  7074 | D:5      | Reached XP level 8. HP: 56/64 MP: 10/17
  7077 | D:5      | Learned a level 2 spell: Slow
  7707 | D:6      | Noticed Dowan
  7707 | D:6      | Noticed Duvessa
  7715 | D:6      | Killed Dowan
  7774 | D:6      | HP: 1/66 [Duvessa (5)]
  7774 | D:6      | Mangled by Duvessa

Illustrated notes

Levels and vault maps discovered:
D:1:      mushboom_english_gardens, layout_basic,
          shapermc_ecumenical_altar_mp_ritualfount
D:2:      layout_loops_cross
D:3:      layout_basic
D:4:      minmay_recursive_quarters, layout_cave_pods,
          gammafunk_temple_overflow_statue, enter_ossuary_3, minmay_manual_mess,
          uniq_menkaure
D:5:      minmay_octagon_keep, layout_loops_corners, fedhas_altar_3,
          minmay_manual_monstrance, uniq_blork_the_orc
D:6:      layout_loops_corners, nicolae_overflow_crystal_walls,
          minmay_temple_entry_mist, uniq_duvessa

Skill      XL: |  1  2  3  4  5  6  7  8 |
---------------+-------------------------+-----
Dodging        | 2 3 |  3.0
Spellcasting   | 3 4 5 6 |  6.1
Fighting       | 1 2 3 |  3.7
Conjurations   | 5 6 |  6.7
Hexes          | 1 |  1.5
Stealth        | |  1.7

Action                   |  1- 3 |  4- 6 |  7- 9 || total
-------------------------+-------+-------+-------++-------
Melee: Unarmed           |     7 |       |       ||     7
       Short sword       |    24 |     7 |     1 ||    32
       Tailslap          |     1 |     1 |     1 ||     3
 Fire: Hunting sling     |       |       |     3 ||     3
 Cast: Magic Dart        |    67 |    97 |    38 ||   202
       Searing Ray       |       |    11 |    14 ||    25
  Use: Scroll            |     5 |       |       ||     5
 Stab: Sleeping          |       |     2 |     1 ||     3
Armor: Skin              |    27 |     3 |    10 ||    40
Dodge: Dodged            |    30 |    19 |    12 ||    61
